 Dungeon Crawl Stone Soup version 0.22-a0-782-g038298e (webtiles) character file.

119 Kuinu the Firebug (level 4, 0/33 HPs)
             Began as a Draconian Fire Elementalist on July 20, 2018.
             Killed from afar by an orc wizard (4 damage)
             ... with a magic dart
             ... on level 3 of the Dungeon.
             The game lasted 00:13:57 (3473 turns).

Kuinu the Firebug (Draconian Fire Elementalist)     Turns: 3473, Time: 00:13:58

Health: 0/33       AC:  5    Str: 11    XL:     4   Next: 74%
Magic:  3/8        EV: 12    Int: 16    God:
Gold:   154        SH:  0    Dex: 11    Spells: 2/8 levels left

rFire    . . .     SeeInvis .   a - +1 short sword (speed)
rCold    . . .     Gourm    .   (no shield)
rNeg     . . .     Faith    .   (armour unavailable)
rPois    .         Spirit   .   (helmet restricted)
rElec    .         Reflect  .   (no cloak)
rCorr    .         Harm     .   (no gloves)
MR       .....                  (no boots)
Stlth    ++........             (no amulet)
HPRegen  0.11/turn              (no ring)
MPRegen  0.11/turn              (no ring)

@: very slightly contaminated, slowed, very slow
A: unfitting armour, cold-blooded, AC +5
a: no special abilities


You were on level 3 of the Dungeon.
You were hungry.

You visited 1 branch of the dungeon, and saw 3 of its levels.
You also visited: Sewer.

You collected 154 gold pieces.

Inventory:

Hand Weapons
 a - a +1 short sword of speed (weapon)
Scrolls
 b - 2 scrolls of identify {unknown}
 d - a scroll of fog {unknown}
 e - a scroll of enchant weapon {unknown}
 f - 2 scrolls of teleportation {unknown}
 h - a scroll of remove curse {unknown}
 i - a scroll of blinking {unknown}
Potions
 g - 2 potions of magic {unknown}
Comestibles
 j - 4 chunks of flesh
 k - a ration


   Skills:
 + Level 2.2 Dodging
 + Level 2.3 Stealth
 * Level 2.9 Spellcasting
 * Level 2.2 Conjurations
 * Level 3.8 Fire Magic


You had 2 spell levels left.
You knew the following spells:

 Your Spells              Type           Power        Failure   Level  Hunger
a - Flame Tongue          Conj/Fire      ##...        5%          1    #......
b - Throw Flame           Conj/Fire      ##....       9%          2    ##.....
c - Conjure Flame         Conj/Fire      ##......     16%         3    ###....

Your spell library contained the following spells:

 Spells                   Type           Power        Failure   Level  Hunger
 Fireball                 Conj/Fire      ##........   83%         5    ######.
 Sticky Flame             Conj/Fire      ##......     47%         4    #####..
 Inner Flame              Hex/Fire       #.......     26%         3    ###....


Dungeon Overview and Level Annotations

Branches:
Dungeon (3/15)

Altars:

Annotations:
D:2 Sigmund


Innate Abilities, Weirdness & Mutations

Your plain brown scales are hard. (AC +5)
You cannot fit into any form of body armour.
You are cold-blooded and may be slowed by cold attacks.


Message History

The orc wizard points at you and mumbles some strange words.
You feel yourself slow down.
You hit the orc wizard.
Your tail-slap misses the orc wizard.
The orc wizard is moderately wounded.
The orc wizard gestures at you while chanting.
The magic dart hits you!
* * * LOW HITPOINT WARNING * * *
You closely miss the orc wizard.
Your tail-slap misses the orc wizard.
The orc wizard is moderately wounded.
The orc wizard hits you but does no damage.
The orc wizard hits you with a dagger of speed.
* * * LOW HITPOINT WARNING * * *
The orc wizard mumbles some strange words.
The orc wizard blinks!
Casting: Conjure Flame (safe; 16% risk of failure)
Confirm with . or Enter, or press ? or * to list all spells.
You can't see any susceptible monsters within range! (Use Z to cast anyway.)
The orc wizard gestures at you while chanting.
The magic dart hits you!
You die...

############### #
#...>.........############# #
###.###########o@....รท......#####
.##.## #..).................
.#...## #.#############......
......#######.# #..###.
.......)..o..o# #.....#
#.....######### ##.### ##...## #.#
# ##.## .)# # ##.# #..


You could see an orc wizard.

Vanquished Creatures
  4 adders
  2 oozes
  A dart slug (D:3)
  2 leopard geckos (D:3)
  4 orcs (D:3)
  6 giant cockroaches
  2 goblins (D:1)
  7 hobgoblins
  5 jackals
  2 quokkas (D:3)
  2 ball pythons
  4 bats (D:1)
  9 frilled lizards
  13 kobolds
  4 rats (D:1)
  5 plants (Sewer)
72 creatures vanquished.

Notes
Turn   | Place    | Note
-------+----------+-------------------------------------------
     0 | D:1      | Kuinu the Draconian Fire Elementalist began the quest for the Orb.
     0 | D:1      | Reached XP level 1. HP: 14/14 MP: 3/3
   295 | D:1      | Reached XP level 2. HP: 16/20 MP: 0/5
   352 | D:1      | Learned a level 2 spell: Throw Flame
  1168 | D:2      | Reached XP level 3. HP: 23/26 MP: 0/6
  1205 | D:2      | Learned a level 3 spell: Conjure Flame
  1526 | D:2      | Noticed Sigmund
  1775 | D:3      | Found a glowing drain.
  1784 | Sewer    | Entered a sewer
  1957 | Sewer    | Reached XP level 4. HP: 33/33 MP: 3/8
  3462 | D:3      | HP: 1/33 [orc wizard/magic dart (6)]
  3473 | D:3      | Killed from afar by an orc wizard

Vault maps used:
D:1:      nagdon_arrival_double_spiral, minmay_pentomino_q2
D:2:      uniq_sigmund
D:3:      portal_sewer_entry_d, skrybe_limestone_x
Sewer:    sewer_co_scattered_pipes

Skill      XL: |  1  2  3 |
---------------+----------+-----
Stealth        | 2 |  2.3
Dodging        | 2 |  2.2
Conjurations   | 2 |  2.2
Spellcasting   | |  2.9
Fire Magic     | |  3.8

Action                   |  1- 3 |  4- 6 || total
-------------------------+-------+-------++-------
Melee: Short sword       |   172 |   222 ||   394
       Unarmed           |     3 |       ||     3
       Tailslap          |    30 |    31 ||    61
 Cast: Flame Tongue      |    22 |    27 ||    49
       Throw Flame       |    20 |     7 ||    27
       Conjure Flame     |     1 |     1 ||     2
  Use: Potion            |       |     1 ||     1
 Stab: Sleeping          |       |     1 ||     1
  Eat: Chunk             |     3 |     1 ||     4
       Ration            |     1 |     1 ||     2
Armor: Skin              |     9 |    11 ||    20
Dodge: Dodged            |    26 |    35 ||    61

Table legend:
 A = Spawn XP
 B = Non-spawn XP
 C = Spawn XP percentage of total XP
 D = Spawn monster count
 E = Non-spawn monster count
 F = Spawn count percentage of total count
 G = Total turns spent on level
                    A         B        C        D         E        F      G
               +---------+---------+-------+---------+---------+-------+---------
         Total |       0 |     171 |   0.0 |       0 |      67 |   0.0 |  3473
               +---------+---------+-------+---------+---------+-------+---------
           D:1 |       0 |      37 |   0.0 |       0 |      24 |   0.0 |  1156
           D:2 |       0 |      33 |   0.0 |       0 |      10 |   0.0 |   422
           D:3 |       0 |      54 |   0.0 |       0 |      16 |   0.0 |   483
         Sewer |       0 |      47 |   0.0 |       0 |      17 |   0.0 |  1412
               +---------+---------+-------+---------+---------+-------+---------
